 Dungeon Crawl Stone Soup version 0.26.1-2-gb8aa6d0cf2 (webtiles) character file.

Game seed: 13222797744746173720

3631 vatarom the Martial Artist (level 9, -1/64 HPs)
             Began as a Green Draconian Transmuter on Feb 15, 2021.
             Was a Follower of Ru.
             Slain by an orc warrior
             ... wielding a +0 battleaxe
              (26 damage)
             ... on level 8 of the Dungeon.
             The game lasted 00:12:17 (11063 turns).

vatarom the Martial Artist (DrTm)                  Turns: 11063, Time: 00:12:17

Health: -1/64      AC:  2    Str: 13    XL:     9   Next: 87%
Magic:  11/12      EV: 34    Int: 13    God:    Ru [*.....]
Gold:   297        SH:  0    Dex: 20    Spells: 4/12 levels left

rFire    . . .     SeeInvis +     - Unarmed
rCold    + . .     Faith    .   (shield currently unavailable)
rNeg     . . .     Spirit   .   (armour unavailable)
rPois    x         Reflect  .   (helmet currently unavailable)
rElec    .         Harm     .   (cloak currently unavailable)
rCorr    .         Rampage  .   (gloves currently unavailable)
Will     .....                  (boots currently unavailable)
Stlth    ++........             s - amulet of the acrobat
HPRegen  0.20/turn              c - ring of protection from cold
MPRegen  0.13/turn              i - ring of see invisible

@: spider-form (expiring), no scrolls, acrobat
A: tiny, (breathe noxious fumes), unfitting armour, inability to read while
threatened, AC +7
a: End Transformation, Renounce Religion


You were on level 8 of the Dungeon.
You worshipped Ru.
Ru was aware of your devotion.
You were a venomous arachnid creature.
You visited 2 branches of the dungeon, and saw 9 of its levels.
You also visited: Sewer.

You collected 396 gold pieces.
You spent 99 gold pieces at shops.

Inventory:

Missiles
 m - 138 stones
 n - 42 poisoned darts
 A - 3 throwing nets {!f}
Armour
 a - a +0 pair of gloves (melded)
 l - a +1 hat (melded)
Jewellery
 c - a ring of protection from cold (left front leg)
 i - a ring of see invisible (right front leg)
 s - an amulet of the acrobat (around neck)
Scrolls
 b - a scroll of magic mapping
 e - 5 scrolls of teleportation {@r3}
 g - a scroll of fog
 j - 3 scrolls of identify {@r1}
 p - a scroll of immolation
 q - 2 scrolls of remove curse {@r2}
 t - a scroll of random uselessness
 v - a scroll of noise
 w - a scroll of brand weapon
 y - a scroll of blinking {@r4}
Potions
 d - a potion of attraction {unknown}
 f - a potion of degeneration {unknown}
 h - a potion of invisibility {unknown}
 k - a potion of resistance {unknown}
 o - a potion of curing {@q1}
 r - 2 potions of haste {@q3}
 u - a potion of brilliance {unknown}
 x - a potion of flight {unknown}
 z - a potion of heal wounds {unknown}
 B - a potion of magic


   Skills:
 - Level 1.1 Fighting
 - Level 1.7 Dodging
 + Level 10.2 Unarmed Combat
 - Level 2.0 Spellcasting
 + Level 10.0 Transmutations
 - Level 3.5 Poison Magic


You had 4 spell levels left.
You knew the following spells:

 Your Spells              Type           Power        Failure   Level
a - Beastly Appendage     Tmut           54%          3%          1
b - Spider Form           Tmut/Pois      9%           14%         3
c - Ice Form              Ice/Tmut       14%          54%         4

Your spell library contained the following spells:

 Spells                   Type           Power        Failure   Level
 Wereblood                Tmut           27%          4%          2
 Blade Hands              Tmut           13%          28%         5


Dungeon Overview and Level Annotations

Branches:
Dungeon (8/15)             Temple (1/1) D:6           Sewer (visited)
   Lair: D:8-11

Altars:
Ashenzari
Cheibriados
Dithmenos
Elyvilon
Fedhas
Gozag
Hepliaklqana
Kikubaaqudgha
Makhleb
Nemelex Xobeh
Okawaru
Qazlal
Ru
Sif Muna
Trog
Uskayaw
Vehumet
Wu Jian
Xom
Yredelemnul
Zin
The Shining One

Shops:
D:4 !   D:6 !   D:7 *


Innate Abilities, Weirdness & Mutations

((You can breathe blasts of noxious fumes.))
((Your lurid green scales are hard. (AC +7)))
You cannot fit into any form of body armour.
((Your system is resistant to poisons. (rPois)))
((You are cold-blooded and may be slowed by cold attacks.))
You cannot read scrolls while threatened.


Message History

The orc warrior is lightly wounded.
The orc warrior closely misses you.
A jelly comes into view.
You hit the orc warrior but do no damage.
The orc warrior is lightly wounded.
The orc warrior misses you.
You bite the orc warrior!
The orc warrior is poisoned.
The orc warrior is moderately wounded.
The orc warrior hits you with a +0 battleaxe!!!
Ouch! That really hurt!
You hear a croak.
The orc warrior completely misses you. The orc warrior closely misses you.
The orc warrior rages.
The orc warrior completely misses you. The orc warrior completely misses you.
Your transformation is almost over.
The orc warrior hits you with a +0 battleaxe!!
You feel threatened and lose the ability to read scrolls!
You die...

##.## #..# ##.##
#.J# #.## ##.# #o.#
##o## #s.# .###
##.## ....####..#
#.....#.## #.(..#
##...# #....#
##..).########
#............######


You could see an orc warrior (berserk, poisoned), a jelly and an orc.

Vanquished Creatures
  Harold (D:8)
  Menkaure (D:4)
  A water moccasin (Sewer)
  A black bear (D:6)
  2 ice beasts
  4 phantoms
  2 orc warriors (D:6)
  A sky beast (D:5)
  A necrophage (D:6)
  3 ogres
  A centaur (D:7)
  3 bullfrogs
  3 wights (D:6)
  A howler monkey (D:4)
  A centaur zombie (D:8)
  6 orc priests
  2 hounds
  A centaur skeleton (D:7)
  2 bullfrog skeletons
  2 iguanas
  Natasha (D:3)
  4 orc wizards
  13 worker ants
  A killer bee zombie (D:8)
  A hound zombie (D:7)
  Robin (D:2)
  5 adders
  3 shadow imps (D:6)
  A white imp (D:5)
  2 oozes
  2 adder skeletons
  3 worms
  A dart slug (D:4)
  4 leopard geckos
  18 orcs
  9 giant cockroaches
  22 goblins
  9 hobgoblins
  7 jackals
  A ball python (D:7)
  14 bats
  3 frilled lizards
  A jackal skeleton (D:4)
  5 kobolds
  8 rats
178 creatures vanquished.

Vanquished Creatures (others)
  2 plants (D:8)
2 creatures vanquished.

Grand Total: 180 creatures vanquished

Notes
Turn   | Place    | Note
-------+----------+-------------------------------------------
     0 | D:1      | vatarom the Draconian Transmuter began the quest for the
                  | Orb.
     0 | D:1      | Reached XP level 1. HP: 16/16 MP: 3/3
   183 | D:1      | Reached XP level 2. HP: 20/23 MP: 3/5
   865 | D:1      | Reached XP level 3. HP: 28/28 MP: 4/6
   932 | D:1      | Learned a level 3 spell: Spider Form
  1530 | D:2      | Reached XP level 4. HP: 35/35 MP: 5/7
  1821 | D:2      | Noticed Robin
  1903 | D:2      | Killed Robin
  2430 | D:3      | Found a glowing drain.
  2454 | Sewer    | Entered a sewer
  2479 | Sewer    | Noticed a water moccasin
  2492 | Sewer    | Killed a water moccasin
  2493 | Sewer    | Reached skill level 5 in Unarmed Combat
  2493 | Sewer    | Reached XP level 5. HP: 19/40 MP: 4/8
  2524 | Sewer    | Learned a level 4 spell: Ice Form
  2971 | D:3      | Noticed Natasha
  2977 | D:3      | Killed Natasha
  2982 | D:3      | Reached XP level 6. HP: 47/47 MP: 6/9
  3055 | D:3      | Found an iron altar of Okawaru.
  3064 | D:3      | Reached skill level 1 in Poison Magic
  3388 | D:4      | Found Qaniz's Distillery.
  3859 | D:4      | Reached skill level 5 in Transmutations
  4017 | D:4      | Found a snail-covered altar of Cheibriados.
  4224 | D:4      | Your scales start taking on a lurid green colour.
  4224 | D:4      | Reached XP level 7. HP: 40/52 MP: 6/10
  4224 | D:4      | Gained mutation: Your system is resistant to poisons.
                  | (rPois) [Green Draconian growth]
  5227 | D:4      | Noticed Menkaure
  5240 | D:4      | HP: 2/52 [Menkaure (1)]
  5243 | D:4      | Killed Menkaure
  5734 | D:5      | Entered Level 5 of the Dungeon
  5981 | D:5      | Reached XP level 8. HP: 59/59 MP: 7/11
  7633 | D:6      | Found a staircase to the Ecumenical Temple.
  7645 | Temple   | Entered the Ecumenical Temple
  7795 | Temple   | Became a worshipper of Ru the Awakened
  8296 | D:6      | Found Vomuoth's Distillery.
  8330 | D:6      | Reached XP level 9. HP: 56/64 MP: 8/12
  8407 | D:6      | Bought a potion of curing for 33 gold pieces
  8407 | D:6      | Bought a potion of curing for 33 gold pieces
  8407 | D:6      | Bought a potion of curing for 33 gold pieces
  9334 | D:7      | Found Wawnaogg's General Store.
  9860 | D:6      | Gained mutation: You cannot read scrolls while threatened.
                  | [Ru sacrifice]
  9860 | D:6      | Reached * piety under Ru
 10087 | D:8      | Noticed Harold
 10446 | D:8      | Killed Harold
 10465 | D:8      | Reached skill level 10 in Unarmed Combat
 10913 | D:8      | Reached skill level 10 in Transmutations
 11063 | D:8      | Slain by an orc warrior

Illustrated notes

Levels and vault maps discovered:
D:1:      amcnicky_arrival_choice, layout_loops_ring
D:2:      layout_loops_cross, uniq_robin
D:3:      layout_basic, cheibrodos_sewer_entry_bend, okawaru_trees_1,
          uniq_natasha
D:4:      layout_basic, kennysheep_slug_shrine, serial_shops, shop,
          uniq_menkaure
D:5:      layout_cave_pods, hangedman_abyss_or_decor_passed
D:6:      layout_basic, minmay_temple_entry_tees, serial_shops, shop
D:7:      layout_basic, serial_shops, shop, minmay_misc_feat_tiny
D:8:      layout_cave_pods, david_lair_shrubbed, gammafunk_ghost_smash,
          fountainhead, uniq_joseph, uniq_harold
Temple:   minmay_crystal_snake_temple

Skill      XL: |  1  2  3  4  5  6  7  8  9 |
---------------+----------------------------+-----
Transmutations | 3 4 5 6 8 10 | 10.0
Unarmed Combat | 4 5 6 8 10 | 10.2
Poison Magic   | 3 |  3.5
Fighting       | |  1.1
Dodging        | |  1.7
Spellcasting   | |  2.0

Action                   |  1- 3 |  4- 6 |  7- 9 || total
-------------------------+-------+-------+-------++-------
Melee: Unarmed           |   142 |   146 |   383 ||   671
       Tailslap          |     9 |    10 |    19 ||    38
       Headbutt          |     7 |     8 |     1 ||    16
       Kick              |     8 |     6 |     3 ||    17
       Punch             |     2 |     3 |     3 ||     8
 Cast: Beastly Appendage |    17 |     8 |     3 ||    28
       Spider Form       |       |     8 |    33 ||    41
Invok: Sacrifice Words   |       |       |     1 ||     1
 Abil: Breathe Noxious F |       |       |     1 ||     1
  Use: Potion            |       |     1 |    13 ||    14
       Scroll            |       |       |    10 ||    10
 Stab: Sleeping          |     1 |     3 |       ||     4
       Confused          |       |       |     1 ||     1
Armor: Skin              |    56 |    33 |    81 ||   170
Dodge: Dodged            |    86 |    85 |   271 ||   442
